 Dungeon Crawl Stone Soup version 0.30-a0-867-g305f33218d (webtiles) character file.

Game seed: 17925255598297202445

247 Dittersdorf the Shield-Bearer (level 6, 0/39 HPs)
             Began as a Gargoyle Fighter on Mar 10, 2023.
             Slain by an orc
             ... wielding a +0 hand axe
              (6 damage)
             ... on level 4 of the Dungeon.
             The game lasted 00:03:10 (2328 turns).

Dittersdorf the Shield-Bearer (Gargoyle Fighter)    Turns: 2328, Time: 00:03:11

Health: 0/39       AC: 15    Str: 28    XL:     6   Next: 11%
Magic:  6/6        EV:  8    Int:  8    God:
Gold:   202        SH:  4    Dex:  9    Spells: 5/5 levels left

rFire   + . .      SeeInvis .    a - +0 flail
rCold   . . .      Faith    .    c - +0 buckler
rNeg    + . .      Spirit   .    l - +0 chain mail
rPois   ∞          Reflect  .    (no helmet)
rElec   +          Rampage  .    (no cloak)
rCorr   .                        o - +0 pair of gloves
Will    .....                    (no boots) Stlth
                                 (no amulet)
HPRegen 0.26/turn                g - +6 ring of strength
MPRegen 0.10/turn                n - ring of protection from fire

@: no status effects
A: sickness immunity, AC +4, negative energy resistance 1, electricity
resistance, torment resistance 1, petrification resistance
a: no special abilities


You were on level 4 of the Dungeon.
You visited 1 branch of the dungeon, and saw 4 of its levels.

You collected 202 gold pieces.

Inventory:

Hand Weapons
 a - a +0 flail (weapon)
Missiles
 t - 4 curare-tipped darts (quivered)
Armour
 c - a +0 buckler (worn)
 l - a +0 chain mail (worn)
 o - a +0 pair of gloves (worn)
Jewellery
 g - a +6 ring of strength (left hand)
 n - a ring of protection from fire (right hand)
 r - a ring of ice
Scrolls
 b - 3 scrolls of fog {unknown}
 e - 3 scrolls of vulnerability {unknown}
 h - a scroll of amnesia {unknown}
 i - a scroll of noise {unknown}
 k - 4 scrolls of teleportation {unknown}
 p - 4 scrolls of identify {unknown}
 q - a scroll of poison {unknown}
 u - a scroll of brand weapon {unknown}
Potions
 d - 2 potions of might
 f - a potion of mutation {unknown}
 j - a potion of lignification {unknown}
 m - 3 potions of curing {unknown}
 s - a potion of berserk rage {unknown}


   Skills:
 + Level 4.5 Fighting
 + Level 3.4 Maces & Flails
 + Level 4.5 Armour
 + Level 4.6 Shields


You had 5 spell levels left.
You didn't know any spells.
Your spell library was empty.

Dungeon Overview and Level Annotations

Branches:
Dungeon (4/15)
 Temple: D:4-7

Altars:
Xom


Innate Abilities, Weirdness & Mutations

You are immune to sickness and miasma.
Your stone body is resilient. (AC +4)
You are immune to poison.
You resist negative energy. (rN+)
You are resistant to electric shocks. (rElec)
You are resistant to unholy torment.
You are immune to petrification.


Message History

The steam dragon is severely wounded.
The steam dragon bites you but does no damage.
You block the steam dragon's attack. The orc hits you but does no damage.
The orc hits you with a +0 hand axe. The steam dragon bites you!
The steam dragon claws you but does no damage.
You closely miss the steam dragon.
The steam dragon is severely wounded.
You block the orc's attack.
The steam dragon bites you but does no damage.
The steam dragon closely misses you.
You closely miss the steam dragon.
The steam dragon is severely wounded.
The steam dragon bites you. The steam dragon barely misses you.
The orc hits you with a +0 hand axe.
You barely miss the steam dragon.
The steam dragon is severely wounded.
The steam dragon barely misses you.
The steam dragon claws you but does no damage.
You block the orc's attack.
You barely miss the steam dragon.
The steam dragon is severely wounded.
The steam dragon bites you but does no damage.
The steam dragon claws you. The orc hits you but does no damage.
The orc barely misses you. The steam dragon bites you.
The steam dragon claws you but does no damage.
You sock the steam dragon!
The steam dragon is almost dead.
The steam dragon bites you!
* * * LOW HITPOINT WARNING * * *
The steam dragon barely misses you. The orc hits you but does no damage.
You closely miss the steam dragon.
The steam dragon is almost dead.
The steam dragon bites you but does no damage.
The steam dragon claws you but does no damage.
The orc hits you with a +0 hand axe.
* * * LOW HITPOINT WARNING * * *
You sock the steam dragon!
You kill the steam dragon!
The orc hits you with a +0 hand axe.
You die...

### ##.##
######...##
##......#..###
#@.#######...#####
#.or## ##.....<.
......## #.....).
....... #.......
....... #.^.....
....... #.......
....... #.......
....... #.......
#.......


You could see an orc and a quokka.

Vanquished Creatures
  A steam dragon (D:4)
  A scorpion (D:3)
  An orc priest (D:3)
  An orc wizard (D:4)
  7 adders
  A worm (D:2)
  3 dart slugs
  5 orcs (D:3)
  4 ball pythons
  4 endoplasms
  4 giant cockroaches
  6 goblins
  3 hobgoblins
  3 jackals (D:2)
  2 quokkas
  9 bats
  4 frilled lizards (D:2)
  4 kobolds
  2 rats
65 creatures vanquished.

Notes
Turn   | Place    | Note
-------+----------+-------------------------------------------
     0 | D:1      | Dittersdorf the Gargoyle Fighter began the quest for the
                  | Orb.
     0 | D:1      | Reached XP level 1. HP: 14/14 MP: 1/1
   198 | D:1      | Reached XP level 2. HP: 19/19 MP: 2/2
   574 | D:2      | Reached XP level 3. HP: 21/23 MP: 3/3
   622 | D:2      | Found a shimmering altar of Xom.
   746 | D:2      | Reached XP level 4. HP: 21/29 MP: 4/4
  1451 | D:3      | Noticed a scorpion
  1476 | D:3      | Killed a scorpion
  1477 | D:3      | Reached XP level 5. HP: 17/33 MP: 5/5
  2180 | D:3      | Reached XP level 6. HP: 39/39 MP: 6/6
  2310 | D:4      | Noticed a steam dragon
  2328 | D:4      | Killed a steam dragon
  2328 | D:4      | Slain by an orc

Illustrated notes

Levels and vault maps discovered:
D:1:      wander_arrival_abandoned_jail, layout_rooms
D:2:      layout_basic, basic_altar
D:3:      layout_loops_ring, fountainhead
D:4:      layout_rooms

Skill      XL: |  1  2  3  4 |
---------------+-------------+-----
Fighting       | 4 |  4.5
Shields        | 4 |  4.6
Armour         | 4 |  4.5
Maces & Flails | 3 |  3.4

Action                     |  1- 3 |  4- 6 || total
---------------------------+-------+-------++-------
  Melee: Flail             |   131 |   173 ||   304
 Armour: Scale mail        |    27 |       ||    27
         Chain mail        |   102 |   146 ||   248
  Dodge: Dodged            |    86 |    82 ||   168
  Block: Buckler           |    32 |    59 ||    91

Table legend: (Time is in decaauts)
 A = Elapsed time spent in this place.
 B = Non-inter-level travel time spent in this place.
 C = Inter-level travel time spent in this place.
 D = Time resting spent in this place.
 E = Time spent auto-exploring this place.
 F = Levels seen in this place.
 G = Mean time per level.
                   A        B        C        D        E       F      G
               +--------+--------+--------+--------+--------+-----+--------+
         Total |   2422 |   2329 |     93 |    202 |   1507 |   4 |  605.5 |
       Dungeon |   2422 |   2329 |     93 |    202 |   1507 |   4 |  605.5 |
               +--------+--------+--------+--------+--------+-----+--------+

Top non-repeatable levels by time:
     D:3: 926 daAuts
     D:2: 913 daAuts
     D:1: 519 daAuts
     D:4: 63 daAuts
